 Dungeon Crawl Stone Soup version 0.27-a0-1319-geec4fb4e21 (webtiles) character file.

Game seed: 1696035113417825493

89 lessens the Conjurer (level 4, -2/21 HPs)
             Began as a Vine Stalker Conjurer on June 21, 2021.
             Slain by a water moccasin (4 damage)
             ... on level 5 of the Dungeon.
             The game lasted 00:03:24 (2493 turns).

lessens the Conjurer (Vine Stalker Conjurer)        Turns: 2493, Time: 00:03:25

Health: -2/21      AC:  3    Str:  8 (11) XL:     4   Next: 55%
Magic:  0/8        EV: 11    Int: 17 (18) God:
Gold:   83         SH:  0    Dex:  9 (12) Spells: 6/7 levels left

rFire    . . .     SeeInvis .   c - +0 dagger
rCold    . . .     Faith    .   (no shield)
rNeg     . . .     Spirit   +   a - +0 robe
rPois    .         Reflect  .   (no helmet)
rElec    .         Harm     .   (no cloak)
rCorr    .         Rampage  .   (no gloves)
Will     .....                  e - +0 pair of boots
Stlth    ++........             (no amulet)
HPRegen  1.07/turn              (no ring)
MPRegen  0.11/turn              (no ring)

@: lethally poisoned (-2 -> -11)
A: fangs 2, regeneration 1, magic shield, antimagic bite, no potion heal 2
a: no special abilities


You were on level 5 of the Dungeon.
You visited 1 branch of the dungeon, and saw 4 of its levels.

You collected 83 gold pieces.

Inventory:

Hand Weapons
 c - a +0 dagger (weapon)
Missiles
 b - 58 stones
 k - 5 boomerangs
Armour
 a - a +0 robe (worn)
 e - a +0 pair of boots (worn)
Scrolls
 d - 2 scrolls of identify
 l - a scroll of amnesia {unknown}
Potions
 g - a potion of resistance


   Skills:
 + Level 3.5 Short Blades
 - Level 1.6 Dodging
 - Level 2.4 Stealth
 - Level 2.2 Spellcasting
 - Level 4.0 Conjurations


You had 6 spell levels left.
You knew the following spells:

 Your Spells              Type           Power      Damage    Failure   Level
a - Magic Dart            Conj           60%        1d6       3%          1

Your spell library contained the following spells:

 Spells                   Type           Power      Damage    Failure   Level
 Searing Ray              Conj           30%        3d4       5%          2
 Dazzling Flash           Conj/Hex       16%        N/A       26%         3
 Fulminant Prism          Conj/Hex       4%         3d6       63%         4
 Iskenderun's Mystic Bla  Conj/Tloc      8%         2d4       63%         4


Dungeon Overview and Level Annotations

Branches:
Dungeon (3/15)

Altars:
Yredelemnul


Innate Abilities, Weirdness & Mutations

You have extremely sharp teeth.
Your natural rate of healing is unusually fast.
When hurt, damage is shared between your health and your magic reserves.
Your bite disrupts and absorbs the magic of your enemies.
Potions cannot restore your health.


Message History

The water moccasin bites you.
You aren't carrying any items that you can evoke.
Unknown command.
Casting: Magic Dart (safe; 3% risk of failure)
Confirm with . or Enter, or press ? or * to list all spells.
Aiming: Magic Dart (safe; 3% risk of failure)
Press: ? - help, Shift-Dir - straight line, f - water moccasin
Aim: a water moccasin (100% to hit)
The magic dart hits the water moccasin.
The water moccasin is lightly wounded.
The water moccasin barely misses you. The water moccasin bites you.
You are poisoned.
The water moccasin poisons you!
Casting: Magic Dart (safe; 3% risk of failure)
Confirm with . or Enter, or press ? or * to list all spells.
Aiming: Magic Dart (safe; 3% risk of failure)
Press: ? - help, Shift-Dir - straight line, f/p - water moccasin
Aim: a water moccasin (lightly wounded, 100% to hit)
The magic dart hits the water moccasin.
The water moccasin is lightly wounded.
You feel very sick. The water moccasin closely misses you.
Casting: Magic Dart (safe; 3% risk of failure)
Confirm with . or Enter, or press ? or * to list all spells.
Aiming: Magic Dart (safe; 3% risk of failure)
Press: ? - help, Shift-Dir - straight line, f/p - water moccasin
Aim: a water moccasin (lightly wounded, 100% to hit)
The magic dart hits the water moccasin.
The water moccasin is moderately wounded.
You feel very sick. The water moccasin bites you.
* * * LOW HITPOINT WARNING * * *
You are lethally poisoned!
The water moccasin poisons you! The water moccasin misses you.
You miss the water moccasin. Your bite misses the water moccasin.
The water moccasin is moderately wounded.
* * * LOW HITPOINT WARNING * * *
You feel very sick. The water moccasin bites you.
You die...

.......##
#..........#
........
#.......S..#
......#
########.###
....Z.## #.#
W......# ###.#
.......# #...#
.......# #...#
...W...#
#########...#
.[..$..#
#....@SZ....#
......##
#########...#
#########.#
##..#
8##8##8##.##8##
#..#
s........(.....
+..#
8##8##8##.##8##
###
#########.##
.......#8.8
######.##ยง#


You could see a water moccasin and an adder zombie.

Vanquished Creatures
  A hound (D:5)
  2 adders
  2 bats (D:2)
  2 endoplasms
  2 giant cockroaches (D:2)
  6 goblins
  4 hobgoblins
  6 jackals (D:2)
  5 ball pythons
  A frilled lizard (D:2)
  4 kobolds
  2 rats
37 creatures vanquished.

Notes
Turn   | Place    | Note
-------+----------+-------------------------------------------
     0 | D:1      | lessens the Vine Stalker Conjurer began the quest for the
                  | Orb.
     0 | D:1      | Reached XP level 1. HP: 9/9 MP: 4/4
   254 | D:1      | Reached skill level 1 in Short Blades
   298 | D:1      | Reached XP level 2. HP: 13/13 MP: 4/6
  1084 | D:2      | Found a basalt altar of Yredelemnul.
  1202 | D:2      | Reached XP level 3. HP: 15/16 MP: 0/7
  2308 | D:3      | You fall into a shaft and drop 2 floors!
  2308 | D:5      | Entered Level 5 of the Dungeon
  2313 | D:5      | Gained mutation: Your natural rate of healing is unusually
                  | fast. [Vine Stalker growth]
  2313 | D:5      | Reached XP level 4. HP: 19/21 MP: 2/8
  2388 | D:5      | Noticed a scorpion
  2440 | D:5      | Noticed a phantom
  2460 | D:5      | Noticed a phantom
  2464 | D:5      | Noticed a sky beast
  2479 | D:5      | Noticed a water moccasin
  2493 | D:5      | Slain by a water moccasin

Illustrated notes

Levels and vault maps discovered:
D:1:      evilmike_arrival_fibonacci_small, layout_rooms,
          chequers_serial_rivers_micro_b, wad_floor_pattern_1,
          grunt_decor_junction
D:2:      layout_loops_ring, basic_altar, serial_co_window_serial,
          co_window_paths_b, co_window_corner_a, co_window_corner_a,
          co_window_cross_1, co_window_paths_a, co_window_2corner,
          co_window_broadway_b, co_window_of_opportunity_b, co_window_2corner,
          co_window_corner_cb, co_window_corner_b, co_window_4corner_b,
          minivault_19
D:3:      layout_loops_ring, chequers_serial_rivers_micro_b, st_stairs_2,
          minmay_misc_feat_iff, uniq_grinder
D:5:      layout_rooms, grunt_temple_overflow_lords_of_destruction,
          chequers_temple_overflow_statue_of_worship, serial_shops,
          nicolae_lakefront_shop, kennysheep_minor_cross, dk_noncrumbling_2,
          minmay_crystal_room

Skill      XL: |  1  2  3 |
---------------+----------+-----
Short Blades   | 1 2 3 |  3.5
Dodging        | |  1.6
Stealth        | |  2.4
Spellcasting   | |  2.2
Conjurations   | |  4.0

Action                   |  1- 3 |  4- 6 || total
-------------------------+-------+-------++-------
Melee: Dagger            |    16 |    20 ||    36
       Bite              |     3 |     3 ||     6
 Cast: Magic Dart        |    71 |     4 ||    75
  Use: Potion            |       |     4 ||     4
       Scroll            |       |     2 ||     2
 Stab: Sleeping          |     2 |     1 ||     3
Armor: Robe              |     6 |     6 ||    12
Dodge: Dodged            |    18 |    21 ||    39

Table legend: (Time is in decaauts)
 A = Elapsed time spent in this place.
 B = Non-inter-level travel time spent in this place.
 C = Inter-level travel time spent in this place.
 D = Time resting spent in this place.
 E = Time spent auto-exploring this place.
 F = Levels seen in this place.
 G = Mean time per level.
                   A        B        C        D        E       F      G
               +--------+--------+--------+--------+--------+-----+--------+
         Total |   2487 |   2445 |     42 |     51 |   2107 |   4 |  621.8 |
       Dungeon |   2487 |   2445 |     42 |     51 |   2107 |   4 |  621.8 |
               +--------+--------+--------+--------+--------+-----+--------+

Top non-repeatable levels by time:
     D:2: 1561 daAuts
     D:1: 730 daAuts
     D:5: 181 daAuts
     D:3: 13 daAuts
